 Dungeon Crawl Stone Soup version 0.21-a0-578-gc6e9d75 (webtiles) character file.

74 slep the Chopper (level 4, -1/34 HPs)
             Began as a Demonspawn Gladiator on Dec 19, 2017.
             Killed by nerve-wracking pain
             ... invoked by an orc priest
              (6 damage)
             ... on level 2 of the Dungeon.
             The game lasted 00:03:24 (865 turns).

slep the Chopper (Demonspawn Gladiator)              Turns: 865, Time: 00:03:24

Health: -1/34      AC: 11    Str: 14    XL:     4   Next: 9%
Magic:  4/4        EV: 10    Int:  9    God:
Gold:   72         SH:  0    Dex: 16    Spells: 3/3 levels left

rFire    + + +     SeeInvis .   a - +0 war axe
rCold    . . .     Gourm    .   (no shield)
rNeg     . . .     Faith    .   h - +0 fire dragon scales
rPois    .         Spirit   .   c - +0 helmet
rElec    .         Reflect  .   (no cloak)
rCorr    .         Harm     .   (no gloves)
MR       .....                  (no boots)
Stlth    ..........             (no amulet)
HPRegen  0.11/turn              n - ring of protection from fire
MPRegen  0.09/turn              (no ring)

@: no status effects
A: slimy green scales 1, cold resistance 1
a: no special abilities


You were on level 2 of the Dungeon.
You were not hungry.

You visited 1 branch of the dungeon, and saw 2 of its levels.

You collected 72 gold pieces.

Inventory:

Hand Weapons
 a - a +0 war axe (weapon)
Missiles
 d - 3 throwing nets (quivered)
 g - 8 tomahawks
Armour
 b - a +0 leather armour
 c - a +0 helmet (worn)
 h - +0 fire dragon scales (worn)
Jewellery
 n - a ring of protection from fire (left hand)
Scrolls
 e - a scroll of immolation {unknown}
 i - a scroll of enchant weapon {unknown}
 j - a scroll of magic mapping {unknown}
 l - a scroll of identify {unknown}
Potions
 k - 2 potions of curing {unknown}
 o - a potion of berserk rage {unknown}
Comestibles
 f - 2 rations
 m - 3 chunks of flesh


   Skills:
 + Level 2.3 Fighting
 + Level 3.6 Axes
 + Level 1.9 Throwing
 + Level 0.9 Armour
 + Level 3.3 Dodging


You had 3 spell levels left.
You didn't know any spells.

Dungeon Overview and Level Annotations

Branches:
Dungeon (2/15)

Altars:


Innate Abilities, Weirdness & Mutations

You are partially covered in slimy green scales. (AC +2)
Your flesh is cold resistant. (rC+)


Message History

The kobold shouts!
The kobold throws a stone.
The stone barely misses you.
You see here a stone.
You barely miss the kobold. The kobold hits you but does no damage.
You slash the kobold!
You kill the kobold!
You see here a club.
An orc comes into view. It is wielding a trident.
The orc hits you from afar with a trident.
An orc, an orc priest and an orc wizard come into view.
The orc shouts!
The orc priest shouts!
The orc wizard shouts!
You hear a shout!
The orc priest invokes the aid of Beogh against you.
Beogh smites you!
* * * LOW HITPOINT WARNING * * *
The orc hits you but does no damage.
You slash the orc!
You kill the orc!
The orc priest calls down the wrath of Beogh upon you.
Pain shoots through your body!
You die...

..
.........#######.......
...
###.....)...(..........
.##
#.......#######........
.# ...####.# ##.......
.# #.# #....... .# ##.#
#.###### . #..# #.#
#.## ..# #@# ## #)# ...
#..#o #.##oo .. #. ##
.g ..


You could see an orc priest, an orc wizard, an orc and a goblin.

Vanquished Creatures
  4 adders (D:2)
  2 leopard geckos (D:1)
  An orc (D:2)
  A giant cockroach (D:1)
  2 goblins
  2 hobgoblins (D:1)
  8 kobolds
  A quokka (D:2)
  10 bats
  4 frilled lizards
  4 rats
39 creatures vanquished.

Notes
Turn   | Place    | Note
-------+----------+-------------------------------------------
     0 | D:1      | slep the Demonspawn Gladiator began the quest for the Orb.
     0 | D:1      | Reached XP level 1. HP: 16/16 MP: 1/1
   110 | D:1      | Gained mutation: You are partially covered in slimy green scales. (AC +2) [demonic ancestry]
   110 | D:1      | Reached XP level 2. HP: 17/22 MP: 2/2
   722 | D:2      | Reached XP level 3. HP: 22/27 MP: 3/3
   840 | D:2      | Gained mutation: Your flesh is cold resistant. (rC+) [demonic ancestry]
   840 | D:2      | Reached XP level 4. HP: 16/33 MP: 4/4
   865 | D:2      | Killed from afar by an orc priest

Vault maps used:
D:1:      saegor_arrival_simple_e, nrook_loot_triangle, minmay_pentomino_z4
D:2:      minmay_kobold_bridge

Skill      XL: |  1  2 |
---------------+-------+-----
Dodging        | 3 |  3.3
Axes           | 3 |  3.6
Fighting       | |  2.3
Throwing       | |  1.9
Armour         | |  0.9

Action                   |  1- 3 |  4- 6 || total
-------------------------+-------+-------++-------
Melee: War axe           |    98 |     5 ||   103
Armor: Leather armour    |    14 |       ||    14
       Fire dragon scale |    47 |     2 ||    49
Dodge: Dodged            |    89 |     4 ||    93

Table legend:
 A = Spawn XP
 B = Non-spawn XP
 C = Spawn XP percentage of total XP
 D = Spawn monster count
 E = Non-spawn monster count
 F = Spawn count percentage of total count
 G = Total turns spent on level
                    A         B        C        D         E        F      G
               +---------+---------+-------+---------+---------+-------+---------
         Total |       0 |     106 |   0.0 |       0 |      39 |   0.0 |   865
               +---------+---------+-------+---------+---------+-------+---------
           D:1 |       0 |      25 |   0.0 |       0 |      15 |   0.0 |   671
           D:2 |       0 |      81 |   0.0 |       0 |      24 |   0.0 |   194
               +---------+---------+-------+---------+---------+-------+---------
